 Dungeon Crawl Stone Soup version 0.21.1-1-g345015f (webtiles) character file.

52 inc the Vexing (level 3, -2/14 HPs)
             Began as a Felid Enchanter on Feb 22, 2018.
             Was an Initiate of Sif Muna.
             Killed by nerve-wracking pain
             ... invoked by Jessica
              (14 damage)
             ... on level 2 of the Dungeon.
             The game lasted 00:04:36 (1990 turns).

inc the Vexing (Felid Enchanter)                    Turns: 1990, Time: 00:04:37

Health: -2/14      AC:  1    Str:  4    XL:     3   Next: 60%
Magic:  4/7        EV: 18    Int: 17    God:    Sif Muna [......]
Gold:   110        SH:  0    Dex: 16    Spells: 0/6 levels left
                                        Lives:  0   Deaths: 0

rFire    x . .     SeeInvis +     - Unarmed
rCold    + . .     Gourm    .   (shield unavailable)
rNeg     . . .     Faith    .   (armour unavailable)
rPois    .         Spirit   .   (helmet unavailable)
rElec    .         Reflect  .   (cloak unavailable)
rCorr    .         Harm     .   (gloves unavailable)
MR       .....                  (boots unavailable)
Stlth    +++.......             (no amulet)
HPRegen  0.04/turn              l - ring of ice
MPRegen  0.10/turn              (no ring)

@: quick
A: very small, no armour, no weapons or thrown items, stealth, claws 1, fangs 3,
see invisible, carnivore, speed 1, shaggy fur 1, slow metabolism 1, sharp paws
a: Renounce Religion


You were on level 2 of the Dungeon.
You worshipped Sif Muna.
Sif Muna was noncommittal.
You were completely stuffed.

You visited 1 branch of the dungeon, and saw 2 of its levels.

You collected 110 gold pieces.

Inventory:

Jewellery
 l - a ring of ice (left paw)
Scrolls
 c - 2 scrolls of teleportation {unknown}
 d - 2 scrolls of enchant armour {unknown}
 e - 2 scrolls of remove curse {unknown}
 g - a scroll of random uselessness {unknown}
 h - a scroll of immolation {unknown}
 i - a scroll of fog {unknown}
 j - a scroll of amnesia {unknown}
 m - 3 scrolls of identify {unknown}
Potions
 f - a potion of heal wounds {unknown}
 k - a potion of resistance {unknown}
 n - a potion of degeneration {unknown}
Books
 a - a book of Maledictions

   Spells                             Type                      Level
   a - Corona                         Hexes                        1
   b - Ensorcelled Hibernation        Hexes/Ice                    2
   c - Confuse                        Hexes                        3
   d - Tukima's Dance                 Hexes                        3
   e - Dazzling Spray                 Conjuration/Hexes            3
Comestibles
 b - 5 rations


   Skills:
 - Level 2.6 Dodging
 - Level 4.0 Stealth
 - Level 3.2 Unarmed Combat
 - Level 2.0 Spellcasting
 + Level 4.6 Hexes
 + Level 0.6 Ice Magic


You couldn't memorise any spells.
You knew the following spells:

 Your Spells              Type           Power        Failure   Level  Hunger
a - Corona                Hex            ###....      2%          1    #......
b - Ensorcelled Hibernat  Hex/Ice        ###...       10%         2    ###....
c - Confuse               Hex            ###.....     9%          3    ###....


Dungeon Overview and Level Annotations

Branches:
Dungeon (2/15)

Altars:
Kikubaaqudgha
Sif Muna
Vehumet

Annotations:
D:2 Jessica


Innate Abilities, Weirdness & Mutations

You cannot wear armour.
You are incapable of wielding weapons or throwing items.
Your paws allow you to move quietly. (Stealth)
You have sharp claws.
You have razor-sharp teeth.
You have supernaturally acute eyesight. (SInv)
You are carnivorous and can eat meat at any time.
You cover ground quickly.
You are covered in fur. (AC +1)
You have a slow metabolism.
Your sharp claws are effective at attacking unaware monsters.


Message History

Confirm with . or Enter, or press ? or * to list all spells.
Aiming: Ensorcelled Hibernation
Press: ? - help, Shift-Dir - straight line, f - rat
Aim: a rat (chance to defeat MR: 64%)
Okay, then.
You completely miss the rat. The rat barely misses you.
You scratch the rat.
You kill the rat!
Sif Muna accepts your kill.
You open the door.
There is an open door here.
A rat comes into view.
A rat is nearby!
Jessica the Apprentice Sorceress comes into view.
She is wielding a dagger.
Jessica shouts!
The rat barely misses you. Jessica casts a spell at you.
Pain shoots through your body!
Ouch! That really hurt!
You die...

########.. .......#..
..####.#... #.#..).#
#.###### #.#<##.#
#......#######
#.##########..........#
#.....................#
#####.................#
#.######....@.....# #.#
#.....r.@..# #.#
#..........# #####'##
#..........# .#.....#
####+####### .#.....#
_#.....# .#.....#
.#..[..#####


You could see Jessica and a rat.

Vanquished Creatures
  An ooze (D:2)
  3 dart slugs
  3 leopard geckos
  A bat (D:1)
  A giant cockroach (D:2)
  7 goblins
  5 hobgoblins
  6 jackals (D:1)
  2 frilled lizards (D:1)
  2 kobolds
  4 rats
35 creatures vanquished.

Notes
Turn   | Place    | Note
-------+----------+-------------------------------------------
     0 | D:1      | inc the Felid Enchanter began the quest for the Orb.
     0 | D:1      | Reached XP level 1. HP: 7/7 MP: 4/4
   300 | D:1      | Reached XP level 2. HP: 9/11 MP: 4/6
   636 | D:1      | Learned a level 2 spell: Ensorcelled Hibernation
  1471 | D:1      | Reached XP level 3. HP: 13/14 MP: 7/7
  1476 | D:1      | Learned a level 3 spell: Confuse
  1627 | D:2      | Found a radiant altar of Vehumet.
  1627 | D:2      | Found an ancient bone altar of Kikubaaqudgha.
  1669 | D:2      | Found a deep blue altar of Sif Muna.
  1719 | D:2      | Became a worshipper of Sif Muna the Loreminder
  1986 | D:2      | Noticed Jessica
  1990 | D:2      | Killed from afar by Jessica

Skill      XL: |  1  2 |
---------------+-------+-----
Unarmed Combat | 2 3 |  3.2
Dodging        | |  2.6
Stealth        | |  4.0
Spellcasting   | |  2.0
Hexes          | |  4.6
Ice Magic      | |  0.6

Action                   || total
-------------------------++-------
Melee: Unarmed           ||    86
       Bite              ||     7
       Punch             ||     1
 Cast: Corona            ||     7
       Ensorcelled Hiber ||     7
 Stab: Sleeping          ||    17
  Eat: Chunk             ||    10
Armor: Skin              ||     4
Dodge: Dodged            ||    69
